 Dungeon Crawl Stone Soup version 0.29-a0-338-g1ff7896281 (webtiles) character file.

Game seed: 6990243777975466053

521 bande the Chopper (level 7, -2/44 HPs)
             Began as a Gargoyle Fighter on Apr 17, 2022.
             Was a Follower of Okawaru.
             Slain by Duvessa
             ... wielding a +0 short sword
              (10 damage)
             ... on level 4 of the Dungeon.
             The game lasted 00:07:39 (4641 turns).

bande the Chopper (Gargoyle Fighter)                Turns: 4641, Time: 00:07:40

Health: -2/44      AC: 16    Str: 19    XL:     7   Next: 21%
Magic:  8/8        EV:  9    Int:  9    God:    Okawaru [*.....]
Gold:   117        SH:  4    Dex: 11    Spells: 6/6 levels left

rFire   . . .      SeeInvis +   a - +1 war axe (freeze)
rCold   + . .      Faith    .   c - +0 buckler
rNeg    + . .      Spirit   .   b - +0 scale mail
rPois   ∞          Reflect  .   r - +0 helmet
rElec   +          Harm     .   s - +0 cloak
rCorr   .          Rampage  .   t - +0 pair of gloves
Will    .....                   m - +0 pair of boots
Stlth   ..........              (no amulet)
HPRegen 0.14/turn               l - ring of see invisible
MPRegen 0.11/turn               p - ring of protection from cold

@: no status effects
A: sickness immunity, AC +4, negative energy resistance 1, electricity
resistance, torment resistance 1, petrification resistance
a: Renounce Religion, Heroism


You were on level 4 of the Dungeon.
You worshipped Okawaru.
Okawaru was aware of your devotion.
You visited 2 branches of the dungeon, and saw 5 of its levels.

You collected 117 gold pieces.

Inventory:

Hand Weapons
 a - a +1 war axe of freezing (weapon)
 z - a +2 flail of holy wrath
Missiles
 i - a throwing net (quivered)
Armour
 b - a +0 scale mail (worn)
 c - a +0 buckler (worn)
 m - a +0 pair of boots (worn)
 r - a +0 helmet (worn)
 s - a +0 cloak (worn)
 t - a +0 pair of gloves (worn)
Jewellery
 l - a ring of see invisible (left hand)
 p - a ring of protection from cold (right hand)
Wands
 g - a wand of polymorph (2)
Scrolls
 f - 2 scrolls of enchant weapon
Potions
 d - a potion of might
 e - a potion of heal wounds
 h - a potion of degeneration {unknown}
 j - a potion of curing {unknown}
 k - a potion of berserk rage {unknown}
 o - 2 potions of resistance
 q - a potion of magic {unknown}
 u - a potion of mutation {unknown}
 v - 2 potions of lignification {unknown}
 w - a potion of attraction {unknown}


   Skills:
 + Level 4.4 Fighting
 + Level 4.8 Axes
 + Level 4.8 Armour
 + Level 4.3 Shields
 + Level 0.1 Unarmed Combat
 * Level 1.6 Invocations
 * Level 0.4 Evocations


You had 6 spell levels left.
You didn't know any spells.
Your spell library contained the following spells:

 Spells                   Type           Power      Damage    Failure   Level
 Apportation              Tloc           0%         N/A       83%         1
 Confusing Touch          Hex            0%         N/A       99%         3
 Yara's Violent Unravell  Hex/Tmut       0%         3d3       100%        5
 Enfeeble                 Hex            0%         N/A       100%        7
 Animate Skeleton         Necr           Unusable   N/A       N/A         1
 Summon Small Mammal      Summ           Unusable   N/A       N/A         1

Dungeon Overview and Level Annotations

Branches:
Dungeon (4/15)             Temple (1/1) D:4

Altars:
Ashenzari
Cheibriados
Elyvilon
Fedhas
Gozag
Kikubaaqudgha
Makhleb
Okawaru
Qazlal
Ru
Uskayaw
Wu Jian
Xom
Yredelemnul
Zin
The Shining One

Annotations:
D:4 Duvessa


Innate Abilities, Weirdness & Mutations

You are immune to sickness and miasma.
Your stone body is resilient. (AC +4)
You are immune to poison.
You resist negative energy. (rN+)
You are resistant to electric shocks. (rElec)
You are resistant to unholy torment.
You are immune to petrification.


Message History

You hit Duvessa but do no damage.
Duvessa is moderately wounded.
You hit Dowan. You freeze Dowan.
You kill Dowan!
Okawaru accepts your kill.
Duvessa screams, "No!
How DARE you!"
Duvessa goes berserk!
You barely miss the hobgoblin. Duvessa completely misses you.
The hobgoblin hits you but does no damage.
Unknown command.
You hit Duvessa. You freeze Duvessa.
Duvessa is heavily wounded.
You hit the hobgoblin. You freeze the hobgoblin.
You kill the hobgoblin!
Okawaru accepts your kill. Duvessa completely misses you.
Duvessa hits you but does no damage.
You hit Duvessa. You freeze Duvessa.
Duvessa is heavily wounded.
Duvessa hits you with a +0 short sword. x2
Unknown command.
You hit Duvessa but do no damage.
Duvessa is heavily wounded.
Duvessa completely misses you. Duvessa barely misses you.
Unknown command.
You slash Duvessa! You freeze Duvessa.
Duvessa is severely wounded.
Duvessa hits you but does no damage. You block Duvessa's attack.
You hit Duvessa but do no damage.
Duvessa is severely wounded.
Duvessa hits you with a +0 short sword. Duvessa misses you.
Duvessa hits you with a +0 short sword.
You hit Duvessa. You freeze Duvessa.
Duvessa is severely wounded.
Duvessa hits you with a +0 short sword.
You hit Duvessa but do no damage.
Duvessa is severely wounded.
Duvessa hits you with a +0 short sword!
* * * LOW HITPOINT WARNING * * *
Duvessa hits you with a +0 short sword!
You die...

#.#
#.#########
#.#........
#..........
###........
#..#...##
#)†# #!#
###e.# .
#..@[#
#.#)......#
#.##....###
# ##..# ..#
.... ..##
..


You could see Duvessa (berserk, fast).

Vanquished Creatures
  Edmund (D:4)
  Blork the orc (D:4)
  Dowan (D:4)
  2 orc priests (D:3)
  2 hounds
  Crazy Yiuf (D:2)
  Robin (D:3)
  7 adders
  2 worms
  3 dart slugs
  3 orcs (D:3)
  6 endoplasms
  2 giant cockroaches
  8 goblins
  11 hobgoblins
  2 quokkas
  2 ball pythons
  3 bats
  2 frilled lizards
  6 kobolds
  5 rats
71 creatures vanquished.

Notes
Turn   | Place    | Note
-------+----------+-------------------------------------------
     0 | D:1      | bande the Gargoyle Fighter began the quest for the Orb.
     0 | D:1      | Reached XP level 1. HP: 14/14 MP: 1/1
   306 | D:1      | Reached XP level 2. HP: 19/19 MP: 2/2
   646 | D:1      | Found a faded altar of an unknown god.
   971 | D:2      | Found an ornate altar of the Wu Jian Council.
  1119 | D:2      | Reached XP level 3. HP: 23/24 MP: 3/3
  1582 | D:2      | Found a runed translucent door.
  1583 | D:2      | Noticed Crazy Yiuf
  1739 | D:2      | Killed Crazy Yiuf
  1740 | D:2      | Reached XP level 4. HP: 14/29 MP: 0/4
  1998 | D:3      | Noticed Robin
  2050 | D:3      | Killed Robin
  2371 | D:3      | Reached XP level 5. HP: 31/33 MP: 5/5
  3159 | D:3      | Found a white marble altar of Elyvilon.
  3214 | D:3      | Found a basalt altar of Yredelemnul.
  3217 | D:3      | Found a hide-covered altar of Uskayaw.
  3219 | D:3      | Found an ornate altar of the Wu Jian Council.
  3510 | D:4      | Reached XP level 6. HP: 38/38 MP: 6/6
  3654 | D:4      | Found a staircase to the Ecumenical Temple.
  3664 | Temple   | Entered the Ecumenical Temple
  3673 | Temple   | Became a worshipper of Warmaster Okawaru
  3833 | D:4      | Noticed Edmund
  3848 | D:4      | Killed Edmund
  3849 | D:4      | Reached skill level 1 in Invocations
  4180 | D:4      | Noticed Blork the orc
  4296 | D:4      | Killed Blork the orc
  4296 | D:4      | Reached * piety under Okawaru
  4596 | D:4      | Reached XP level 7. HP: 44/44 MP: 8/8
  4615 | D:4      | Noticed Duvessa
  4615 | D:4      | Noticed Dowan
  4634 | D:4      | Killed Dowan
  4641 | D:4      | Slain by Duvessa

Illustrated notes

Levels and vault maps discovered:
D:1:      dpeg_arrival_water_temple_mockup, layout_loops_cross,
          shapermc_ecumenical_altar_hornbeckon
D:2:      layout_basic, basic_altar, uniq_crazy_yiuf_cottage
D:3:      layout_loops_corners, nicolae_overflow_hidden_temple, uniq_robin
D:4:      layout_loops_ring, mainiacjoe_overflow_alcove_2,
          trog_three_pillars_becter, minmay_temple_entry_poolview, uniq_duvessa,
          uniq_blork_the_orc, uniq_edmund
Temple:   nicolae_temple_no_exploring_needed

Skill      XL: |  1  2  3  4  5  6 |
---------------+-------------------+-----
Axes           | 2 3 4 |  4.8
Armour         | 4 |  4.8
Shields        | 4 |  4.3
Fighting       | 4 |  4.4
Invocations    | 1 |  1.6
Unarmed Combat | |  0.1
Evocations     | |  0.4

Action                   |  1- 3 |  4- 6 |  7- 9 || total
-------------------------+-------+-------+-------++-------
Melee: War axe           |    59 |   161 |    21 ||   241
       Unarmed           |       |     3 |       ||     3
  Use: Scroll            |     4 |     7 |       ||    11
Armor: Scale mail        |    21 |    92 |    25 ||   138
Dodge: Dodged            |    26 |    74 |    16 ||   116
Block: Buckler           |    12 |    40 |    14 ||    66

Table legend: (Time is in decaauts)
 A = Elapsed time spent in this place.
 B = Non-inter-level travel time spent in this place.
 C = Inter-level travel time spent in this place.
 D = Time resting spent in this place.
 E = Time spent auto-exploring this place.
 F = Levels seen in this place.
 G = Mean time per level.
                   A        B        C        D        E       F      G
               +--------+--------+--------+--------+--------+-----+--------+
         Total |   4705 |   4535 |    170 |    938 |   2848 |   5 |  941.0 |
       Dungeon |   4686 |   4516 |    170 |    938 |   2848 |   4 | 1171.5 |
        Temple |     18 |     18 |      0 |      0 |      0 |   1 |   18.0 |
               +--------+--------+--------+--------+--------+-----+--------+

Top non-repeatable levels by time:
     D:3: 1574 daAuts
     D:2: 1145 daAuts
     D:4: 1117 daAuts
     D:1: 850 daAuts
  Temple: 18 daAuts
